 Dungeon Crawl Stone Soup version 0.18.1-1-g2f07953 (webtiles) character file.

26 Aleksandr27reg the Magician (level 2, 0/15 HPs)
             Began as a Deep Elf Wizard on Aug 27, 2016.
             Succumbed to an adder's poison
             ... on level 1 of the Dungeon.
             The game lasted 00:02:24 (554 turns).

Aleksandr27reg the Magician (Deep Elf Wizard)        Turns: 554, Time: 00:02:24

Health: 0/15       AC:  2    Str: 10    XL:     2   Next: 89%
Magic:  11/19      EV: 13    Int: 22    God:
Gold:   48         SH:  0    Dex: 13    Spells: 1 memorised, 11 levels left

rFire  . . .     SeeInvis .     (no weapon)
rCold  . . .     Gourm    .     a - +0 robe
rNeg   . . .     Faith    .     (no shield)
rPois  .         Spirit   .     b - +0 hat
rElec  .         Dismiss  .     (no cloak)
rCorr  .         Reflect  .     (no gloves)
SustAt .         Harm     .     (no boots)
MR     .....                    (no amulet)
Stlth  ++........               j - ring of magical power
                                i - +6 ring of strength

@: lethally poisoned (0 -> -8), very slightly contaminated, not resistant to
hostile enchantments, unstealthy
A: no striking features
a: no special abilities


You were on level 1 of the Dungeon.
You were not hungry.

You visited 1 branch of the dungeon, and saw 1 of its levels.

You collected 48 gold pieces.

Inventory:

Armour
 a - a +0 robe (worn)
 b - a +0 hat (worn)
Jewellery
 i - a +6 ring of strength (left hand)
 j - a ring of magical power (right hand)
Scrolls
 e - a scroll of blinking {unknown}
 g - 3 scrolls of fog {unknown}
 h - 2 scrolls of teleportation {unknown}
 k - a scroll of immolation {unknown}
Books
 c - a book of Minor Magic

   Spells                             Type                      Level
   a - Magic Dart                     Conjuration                  1
   b - Blink                          Translocation                2
   c - Call Imp                       Summoning                    2
   d - Repel Missiles                 Charms/Air                   2
   e - Slow                           Hexes                        2
   f - Conjure Flame                  Conjuration/Fire             3
   g - Mephitic Cloud                 Conjuration/Poison/Air       3
Comestibles
 d - 2 bread rations
 f - 3 chunks of flesh


   Skills:
 + Level 2.8 Dodging
 + Level 2.5 Stealth
 * Level 5.5 Spellcasting
 + Level 1.2 Conjurations
   Level 1.1 Summonings
   Level 1.1 Translocations


You had 11 spell levels left.
You knew the following spells:

 Your Spells              Type           Power        Failure   Level  Hunger
a - Magic Dart            Conj           ##..         8%          1    None


Dungeon Overview and Level Annotations

Branches:
Dungeon (1/15)

Altars:


Message History

Casting: Magic Dart
Confirm with . or Enter, or press ? or * to list all spells.
Aiming: Magic Dart
Press: ? - help, Shift-Dir - straight line, f/p - adder
Aim: an adder (severely wounded)
The magic dart hits the adder.
The adder is almost dead.
The adder closely misses you. The adder bites you.
* * * LOW HITPOINT WARNING * * *
You are lethally poisoned!
The adder poisons you!
Some of the chunks of flesh in your inventory have rotted away.
Casting: Magic Dart
Confirm with . or Enter, or press ? or * to list all spells.
Aiming: Magic Dart
Press: ? - help, Shift-Dir - straight line, f/p - adder
Aim: an adder (almost dead)
The magic dart hits the adder.
You kill the adder!
You die...

#.............##(#.# #........#
#.######.........#.###........###
........##+##..###...##'#+##.....
#.......................#.....###
#######.##.#.##.####(########.###
#>..........(.................(
#####(##.........#.#####(...###
#..............†.#.# #.### #
#.##..###.....@..#.# #. #
#.###.###........#.# ## #
#.##....#........+.#
##.##..#.#........###
#........########## ###.#...###
#.......# ####
#...############><##########
###.#......................#


There were no monsters in sight!

Vanquished Creatures
  An adder (D:1)
  5 bats (D:1)
  2 goblins (D:1)
  2 hobgoblins (D:1)
  A ball python (D:1)
  A giant newt (D:1)
  3 kobolds (D:1)
  3 rats (D:1)
18 creatures vanquished.

Notes
Turn   | Place    | Note
--------------------------------------------------------------
     0 | D:1      | Aleksandr27reg the Deep Elf Wizard began the quest for the Orb.
     0 | D:1      | Reached XP level 1. HP: 10/10 MP: 7/7
   190 | D:1      | Reached skill level 5 in Spellcasting
   192 | D:1      | Reached XP level 2. HP: 15/15 MP: 3/10
   554 | D:1      | Succumbed to an adder's poison

Skill      XL: |  1 |
---------------+----+-----
Spellcasting   | 5 |  5.5
Dodging        | |  2.8
Stealth        | |  2.5
Conjurations   | |  1.2
Summonings     | |  1.1
Translocations | |  1.1

Action                   || total
-------------------------++-------
 Cast: Magic Dart        ||    40
Armor: Robe              ||     3
Dodge: Dodged            ||     7
